Map: 애씨드 플랜트 - 래더

Players

Reynor

  • Race: Zerg Zerg
  • League: Master
  • Spawn Location: 11:00

Cure - Winner!

  • Race: Terran Terran
  • Spawn Location: 5:00

Event: HomeStory Cup XVIII

VOD

Have the link to the VOD?

Description

Time

  • Played on: Nov. 24, 2018, 12:55 p.m.
  • Length: 8:21

All games in this series

Show
View Real Time Build Order
Export as new Build Order

Reynor Zerg 

Build Orders: Pool First 

Get SALT Encoding   

  12  0:00  Drone  
  13  0:12  Overlord  
  13  0:16  Drone  
  14  0:30  Drone  
  14  0:31  Drone  
  16  0:40  Spawning Pool  
  15  0:45  Drone  
  15  0:48  Drone  
  17  1:09  Hatchery  
  16  1:13  Drone  
  17  1:28  Zergling x2  
  17  1:29  Zergling x4  
  17  1:31  Queen  
  22  1:35  Extractor  
  21  1:40  Overlord  
  21  1:51  Drone  
  22  2:02  Drone  
  22  2:07  Queen  
  25  2:12  Drone  
  26  2:21  Drone, Queen  
  29  2:23  Drone  
  30  2:32  Drone  
  30  2:35  Drone  
  30  2:36  Metabolic Boost  
  32  2:41  Drone  
  33  2:46  Overlord  
  33  2:53  Drone x3  
  33  2:56  Drone  
  34  3:00  Drone  
  34  3:05  Drone  
  36  3:12  Hatchery  
  35  3:14  Drone  
  35  3:16  Drone  
  37  3:20  Drone  
  37  3:21  Drone  
  37  3:22  Drone  
  37  3:23  Drone  
  41  3:29  Queen  
  41  3:34  Zergling x4  
  44  3:39  Drone  
  44  3:40  Drone  
  43  3:42  Zergling x2  
  43  3:46  Overlord  
  44  3:58  Overlord  
  44  4:04  Overlord  
  44  4:05  Drone x4  
  48  4:10  Drone, Extractor  
  48  4:12  Extractor  
  47  4:17  Drone, Roach Warren  
  47  4:22  Drone  
  47  4:23  Drone x2  
  50  4:33  Zergling x6  
  50  4:36  Zergling x4  
  50  4:38  Overlord x2  
  55  4:53  Zergling x6  
  57  5:01  Roach x6  
  69  5:08  Roach x2  
  69  5:09  Roach  
  75  5:18  Roach x3  
  78  5:27  Zergling x8  
  79  5:34  Ravager x2  
  79  5:35  Ravager  
  81  5:36  Overlord  
  81  5:48  Zergling x2  
  81  5:49  Zergling x6  
  80  5:58  Ravager x2  
  80  6:02  Zergling x4  
  80  6:03  Zergling x6  
  85  6:09  Zergling x8  
  89  6:25  Zergling x10  
  79  6:34  Zergling x16  
  79  6:39  Drone  
  81  6:41  Drone  
  81  6:44  Drone  
  81  6:46  Drone  
  68  6:52  Drone  
  68  6:53  Drone  
  60  6:57  Drone, Evolution Chamber  
  60  6:59  Evolution Chamber  
  56  7:03  Drone x2  
  56  7:08  Drone  
  59  7:14  Drone, Lair  
  59  7:15  Drone  
  61  7:18  Drone  
  61  7:20  Drone x2  
  61  7:21  Drone  
  65  7:26  Drone x3  
  65  7:27  Drone x2  
  65  7:29  Drone  
  71  7:30  Drone x2  
  71  7:33  Overlord  
  75  7:37  Drone x2  
  75  7:40  Drone  
  76  7:48  Drone x3, Extractor  
  78  7:55  Zergling x12, Baneling Nest  
  85  7:58  Zergling x6  
  85  8:00  Zergling x2  
  85  8:01  Zergling x2  
Show
View Real Time Build Order
Export as new Build Order

Cure Terran - Winner!

Build Orders: Gas First Reaper Expand, Liberator Opening, Reaper Expand 

Get SALT Encoding   

  12  0:00  SCV  
  13  0:12  SCV  
  14  0:17  Supply Depot  
  14  0:25  SCV  
  14  0:27  Refinery  
  15  0:39  SCV  
  16  0:44  Barracks  
  16  0:51  SCV  
  17  1:03  SCV  
  18  1:15  SCV  
  19  1:30  Orbital Command  
  19  1:31  Reaper  
  20  1:41  Command Center  
  20  1:52  Factory  
  20  1:56  SCV  
  21  2:03  Refinery  
  21  2:04  Barracks Reactor  
  21  2:08  SCV  
  22  2:12  Supply Depot  
  22  2:20  SCV  
  23  2:34  SCV  
  24  2:39  Starport  
  28  2:44  Hellion x2  
  28  2:46  SCV  
  29  2:58  SCV  
  28  3:10  SCV  
  29  3:15  Viking  
  31  3:20  Orbital Command  
  31  3:23  SCV  
  32  3:34  Liberator  
  32  3:36  Hellion x2  
  32  3:37  SCV  
  32  3:40  Barracks Tech Lab  
  37  3:48  SCV  
  37  3:49  SCV  
  41  4:00  Hellion  
  41  4:01  Supply Depot  
  39  4:03  Hellion  
  39  4:04  SCV  
  39  4:06  SCV  
  43  4:16  SCV  
  44  4:18  SCV  
  44  4:23  Hellion, Supply Depot  
  47  4:24  Hellion  
  47  4:28  SCV  
  47  4:30  SCV  
  51  4:39  Command Center  
  52  4:45  SCV x2  
  52  4:49  Supply Depot  
  52  4:52  Marine  
  52  4:53  Stimpack  
  52  4:57  SCV  
  52  4:58  SCV  
  55  5:04  Factory Reactor  
  55  5:09  Barracks x2  
  55  5:10  SCV x2, Marine  
  55  5:13  Starport Reactor  
  58  5:22  SCV x2  
  58  5:23  Engineering Bay x2  
  58  5:26  Supply Depot  
  60  5:31  Factory Tech Lab  
  60  5:32  Bunker  
  60  5:33  Marauder  
  62  5:36  Bunker  
  62  5:42  Bunker  
  62  5:48  SCV x2  
  64  5:50  Siege Tank  
  64  5:52  Terran Infantry Armor Level 1  
  64  5:53  Terran Infantry Weapons Level 1  
  64  5:55  Refinery  
  64  5:56  Marine, Marauder  
  70  5:59  Marine  
  67  6:05  Orbital Command  
  67  6:08  SCV x2  
  69  6:11  Barracks Reactor  
  69  6:18  Marine x2, Marauder  
  73  6:24  Siege Tank  
  66  6:33  SCV x2  
  66  6:36  SCV  
  67  6:46  SCV x2  
  65  6:48  SCV  
  62  6:54  Medivac  
  62  6:55  Medivac  
  62  6:57  Combat Shield  
  62  7:01  SCV x2  
  68  7:05  Marine x5  
  68  7:07  Orbital Command  
  73  7:11  Siege Tank  
  73  7:13  SCV x2  
  78  7:18  Supply Depot  
  78  7:19  Supply Depot  
  78  7:24  Refinery  
  78  7:25  SCV x2  
  78  7:29  Marine x5  
  85  7:40  SCV x3  
  85  7:42  Supply Depot x2  
  88  7:49  Marine x5  
  93  7:54  Armory  
  93  7:56  SCV x3  
  94  8:08  SCV x3  
Tags
 
Add a new tag
Caveats
  • Supply blocks, unpowered buildings, or Contaminate may cause inaccurate times.
  • Supply counts are checked every 10 seconds.